 Dungeon Crawl Stone Soup version bcrawl-1.21.2-1-g32d02e0829 (webtiles) character file.

Game seed: 14096021384616002043

17 MisterOstroum the Insei (level 2, 19/19 HPs)
             Began as a Vine Stalker Martial Artist on Feb 22, 2020.
             Was a Follower of Wu Jian.
             Quit the game on level 1 of the Dungeon.
             The game lasted 00:00:35 (223 turns).

MisterOstroum the Insei (VSMA)                       Turns: 223, Time: 00:00:36

Health: 19/19      AC:  5    Str: 14    XL:     2   Next: 62%
Magic:  4/4        EV: 12    Int:  9    God:    Wu Jian [*.....]
Gold:   13         SH:  0    Dex: 16    Spells: 2/3 levels left

rFire    . . .     SeeInvis .     - Unarmed
rCold    . . .     Gourm    .   (no shield)
rNeg     . . .     Faith    .   c - +0 ring mail
rPois    .         Spirit   .   (no helmet)
rElec    .         Reflect  .   (no cloak)
rCorr    .         Harm     .   (no gloves)
MR       .....                  (no boots)
Stlth    +.........             (no amulet)
HPRegen  0.46/turn              (no ring)
MPRegen  0.09/turn              (no ring)

@: no status effects
A: fangs 2, regeneration 1, no potion heal 3, rot immunity, strong jaws
a: Wall Jump, Renounce Religion


You were on level 1 of the Dungeon.
You worshipped Wu Jian.
Wu Jian was aware of your devotion.
You were not hungry.

You visited 1 branch of the dungeon, and saw 1 of its levels.

You collected 13 gold pieces.

Inventory:

Missiles
 f - 135 stones (quivered)
Armour
 a - a +0 robe
 c - a +0 ring mail (worn)
 g - a +0 pair of boots
Scrolls
 i - a scroll of identify {unknown}
Potions
 b - a potion of agility {@q5 !q}
 d - 2 potions of degeneration {unknown}
Comestibles
 e - a ration {!d}
 h - 12 chunks of flesh


   Skills:
 + Level 3.3 Fighting
 - Level 3.0 Dodging
 + Level 2.1 Stealth
 - Level 4.0 Unarmed Combat
 - Level 1.1 Spellcasting
 - Level 1.0 Hexes


You had 2 spell levels left.
You knew the following spells:

 Your Spells              Type           Power        Failure   Level  Hunger
a - Confusing Touch       Hex            #.......     45%         1    ##.....
Your spell library was empty.

Dungeon Overview and Level Annotations

Branches:
Dungeon (1/12)

Altars:


Innate Abilities, Weirdness & Mutations

You have extremely sharp teeth.
Your natural rate of healing is unusually fast.
Potions cannot restore your health.
You are immune to rotting.
Your bites deal extra damage.


Message History

No target in view!
No target in view!
No target in view!
No target in view!
No target in view!
No target in view!
You butcher the jackal corpse.
h - 4 chunks of flesh (gained 2)
You butcher the jackal corpse.
h - 7 chunks of flesh (gained 3)
Things that are here:
a jackal skeleton x2
Things that are here:
a jackal skeleton x2
A goblin comes into view. It is wielding a +0 club.
The goblin moves out of view.
The goblin shouts!
You hear a bark!
The goblin is too close now for your liking.
A goblin is nearby!
A goblin is nearby!
You lunge at the goblin.
You barely miss the goblin. The goblin hits you with a +0 club.
You barely miss the goblin. The goblin hits you but does no damage.
You closely miss the goblin. The goblin closely misses you.
You barely miss the jackal.
The jackal bites you but does no damage.
The goblin hits you with a +0 club.
You hit the jackal.
The jackal is heavily wounded.
The jackal barely misses you.
You completely miss the jackal. Your bite misses the jackal.
The jackal is moderately wounded.
The jackal misses you. The goblin hits you with a +0 club.
The jackal barely misses you.
You hit the jackal but do no damage. The goblin misses you.
The jackal barely misses you.
Your ring mail prevents you from hitting the jackal.
The jackal barely misses you. The goblin misses you.
You completely miss the jackal. You bite the jackal.
The jackal is almost dead.
The jackal closely misses you. The goblin misses you. The jackal bites you.
You barely miss the jackal.
The jackal is almost dead.
The jackal bites you but does no damage.
The goblin hits you but does no damage.
You barely miss the jackal.
The jackal is almost dead.
The jackal bites you but does no damage.
You closely miss the jackal. Your punch misses the jackal.
Your bite misses the jackal.
The jackal is almost dead.
The jackal closely misses you. The goblin hits you but does no damage.
You hit the jackal.
You kill the jackal!
The Council accepts your kill. The goblin hits you with a +0 club.
You closely miss the goblin. The goblin hits you with a +0 club.
A goblin is nearby!
A goblin is nearby!
A goblin is nearby!
You spin and attack the goblin.
You hit the goblin.
The goblin is heavily wounded.
The goblin closely misses you.
Found a stone staircase leading down.
You spin and attack the goblin.
You hit the goblin.
The goblin is severely wounded.
The goblin closely misses you.
You hit the goblin.
You kill the goblin!
The Council accepts your kill.
Things that are here:
a +0 club; a goblin corpse
Things that are here:
a +0 club; a hobgoblin corpse You butcher the hobgoblin corpse.
h - 8 chunks of flesh (gained 1)
Things that are here:
a +0 club; a hobgoblin skeleton
Things that are here:
a +0 club; a hobgoblin skeleton You butcher the goblin corpse.
h - 9 chunks of flesh (gained 1)
Things that are here:
a +0 club; a goblin skeleton
Things that are here:
a +0 club; a goblin skeleton
Things that are here:
a +0 club; a hobgoblin skeleton
i - a scroll labeled NAWKAU PYUPH You butcher the jackal corpse.
h - 12 chunks of flesh (gained 3)
You see here a jackal skeleton. x2
Things that are here:
a +0 club; a hobgoblin skeleton
Things that are here:
a +0 club; a goblin skeleton A rat comes into view.
A rat is nearby!
A rat is nearby!
Are you sure you want to abandon this character and quit the game? (Confirm with "yes".)

#.##.#..# .##.#
#...# r##.###...#
.##.##.#..#
.##.##.##.#
.##.#.....# #
##.##.##.#..#
..##.#..##.#.....#
#....#@###.###.w.#
#.........##÷...#
#.........###...#
#.......).##....#
#........)#####.#
............###..#
###...........÷..##
............#####
............#


You could see a rat (sleeping).

Vanquished Creatures
  A worm (D:1)
  3 goblins (D:1)
  A hobgoblin (D:1)
  4 jackals (D:1)
  A frilled lizard (D:1)
  2 kobolds (D:1)
  A rat (D:1)
13 creatures vanquished.

Notes
Turn   | Place    | Note
-------+----------+-------------------------------------------
     0 | D:1      | MisterOstroum the Vine Stalker Martial Artist began the
                  | quest for the Orb.
     0 | D:1      | Reached XP level 1. HP: 13/13 MP: 3/3
    89 | D:1      | Reached XP level 2. HP: 18/19 MP: 4/4
   223 | D:1      | Quit the game

Skill      XL: |  1  2 |
---------------+-------+-----
Fighting       | 3 |  3.3
Stealth        | 2 |  2.1
Dodging        | |  3.0
Unarmed Combat | |  4.0
Spellcasting   | |  1.1
Hexes          | |  1.0

Action                   || total
-------------------------++-------
Melee: Unarmed           ||    46
       Bite              ||     1
Invok: Whirlwind         ||     5
       Lunge             ||     3
Armor: Ring mail         ||     7
Dodge: Dodged            ||    31
